 Dungeon Crawl Stone Soup version 0.30-a0-218-gedb9141078 (webtiles) character file.

Game seed: 2699935888654125676

96 billz999 the Chopper (level 4, -8/31 (38) HPs)
             Began as a Gnoll Reaver on Oct 6, 2022.
             Killed by an exploding ufetubus (30 damage)
             ... ignited by their inner flame
             ... on level 3 of the Dungeon.
             The game lasted 00:05:35 (2298 turns).

billz999 the Chopper (Gnoll Reaver)                 Turns: 2298, Time: 00:05:35

HP:   -8/31 (38)    AC:  3    Str: 13    XL:     4   Next: 67%
MP:   0/11          EV: 12    Int: 13    God:
Gold: 131           SH:  0    Dex: 10    Spells: 5/13 levels left

rFire   . . .      SeeInvis .    a - +0 hand axe
rCold   . . .      Faith    .    (no shield)
rNeg    . . .      Spirit   .    b - +0 leather armour
rPois   .          Reflect  .    (no helmet)
rElec   .          Harm     .    (no cloak)
rCorr   .          Rampage  .    (no gloves)
Will    .....                    (no boots)
Stlth   +.........               (no amulet)
HPRegen 0.25/turn                (no ring)
MPRegen 0.12/turn                (no ring)

@: immotile, heavily drained
A: fangs 1, strong nose, distributed training
a: no special abilities


You were on level 3 of the Dungeon.
You visited 1 branch of the dungeon, and saw 3 of its levels.

You collected 131 gold pieces.

Inventory:

Hand Weapons
 a - a +0 hand axe (weapon)
 m - a +1 vampiric dagger
Armour
 b - a +0 leather armour (worn)
 o - a +0 pair of gloves
Scrolls
 d - a scroll of enchant weapon {unknown}
 i - a scroll of immolation
 j - a scroll of magic mapping {unknown}
 l - a scroll of enchant armour {unknown}
Potions
 c - 3 potions of heal wounds {unknown}
 e - a potion of attraction {unknown}
 k - a potion of haste {unknown}
 n - a potion of ambrosia {unknown}


   Skills:
 + Level 4.7 Fighting
 + Level 1.2 Short Blades
 + Level 1.2 Long Blades
 + Level 6.6 Axes
 + Level 1.2 Maces & Flails
 + Level 1.2 Polearms
 + Level 1.2 Staves
 + Level 1.2 Ranged Weapons
 + Level 1.2 Throwing
 + Level 1.2 Armour
 + Level 4.7 Dodging
 + Level 1.2 Stealth
 + Level 1.2 Shields
 + Level 1.2 Unarmed Combat
 + Level 5.1 Spellcasting
 + Level 5.5 Conjurations
 + Level 1.0 Hexes
 + Level 1.0 Summonings
 + Level 1.0 Necromancy
 + Level 1.0 Translocations
 + Level 1.0 Transmutations
 + Level 1.0 Fire Magic
 + Level 1.0 Ice Magic
 + Level 1.0 Air Magic
 + Level 1.0 Earth Magic
 + Level 1.0 Poison Magic
 + Level 1.4 Invocations
 + Level 1.2 Evocations


You had 5 spell levels left.
You knew the following spells:

 Your Spells              Type           Power      Damage    Failure   Level
a - Kiss of Death         Conj/Necr      44%        2d8       6%          1
b - Momentum Strike       Conj/Tloc      22%        3d8       10%         2
c - Static Discharge      Conj/Air       22%        2-3/arc   10%         2
d - Vhi's Electric Charg  Tloc/Air       12%        N/A       41%         3

Your spell library contained the following spells:

 Spells                   Type           Power      Damage    Failure   Level
 Hailstorm                Conj/Ice       11%        3d5       19%         3
 Blink                    Tloc           12%        N/A       22%         2
 Ensorcelled Hibernation  Hex/Ice        12%        N/A       22%         2
 Passwall                 Tmut/Erth      5%         N/A       22%         2
 Lesser Beckoning         Tloc           12%        N/A       41%         3
 Swiftness                Air            6%         N/A       41%         3
 Arcjolt                  Conj/Air       5%         1d15      86%         5
 Lightning Bolt           Conj/Air       5%         1d17      86%         5


Dungeon Overview and Level Annotations

Branches:
Dungeon (3/15)

Altars:


Innate Abilities, Weirdness & Mutations

You have very sharp teeth.
Your uncanny sense of smell can sniff out nearby items.
Your experience applies equally to all skills.


Message History

The fiery explosion engulfs your butterfly!!
You kill your butterfly!
Your butterfly disappears in a burst of colours!
The ufetubus barely misses your butterfly.
The ufetubus misses your butterfly.
Your butterfly is engulfed in blazing flames.
You kill your butterfly!
Your butterfly disappears in a burst of colours!
The orc priest hits your butterfly with a +1 vampiric hand axe.
Your butterfly dies!
Your butterfly disappears in a burst of colours!
The orc priest completely misses your butterfly.
The orc priest hits your butterfly with a +1 vampiric hand axe.
Your butterfly dies!
Your butterfly disappears in a burst of colours!
You aren't carrying any items that you can evoke.
You cannot move.
You cannot move.
Unknown command.
Your butterfly is engulfed in blazing flames.
You kill your butterfly!
Your butterfly disappears in a burst of colours!
The giant cockroach bites your butterfly.
Your butterfly dies!
Your butterfly disappears in a burst of colours!
The orc priest looks braver for a moment.
Something hits your butterfly.
Your butterfly dies!
Your butterfly disappears in a burst of colours!
The ufetubus hits you. x2
You hit the ufetubus.
Flame seeps out of the ufetubus.
The ufetubus is severely wounded.
Your butterfly is engulfed in blazing flames.
You kill your butterfly!
Your butterfly disappears in a burst of colours!
The ufetubus is engulfed in blazing flames.
The ufetubus explodes!
The fiery explosion engulfs you!!
Ouch! That really hurt!
You die...

#...........# #. .# ...
#...........# #.###. ....
#...........# #..... ....
............# #...# ...b.
#...........#
#...######.....
#..÷........#
#...b..........
#...........# #§§.o...)#
#...........#####○B.o....#
#####'#........b@§§§.....+
....#.#.#########§§§.....#
.##.#.)>..################
.#.................####
.#..####...##.........#
.#..# #...##.........#
.#..# #...##.........#
.#..# #....#....(....# #
.#..#
#..............#####.#


You could see an orc priest (inner flame), an orc and a giant cockroach.

Vanquished Creatures
  An iguana (D:3)
  An orc wizard (D:3)
  An adder (D:2)
  An ufetubus (D:3)
  A worm (D:2)
  5 dart slugs
  3 orcs
  4 endoplasms (D:1)
  3 giant cockroaches
  7 goblins
  A hobgoblin (D:1)
  7 jackals
  A kobold (D:1)
  3 quokkas
  A ball python (D:1)
  2 bats (D:1)
  2 frilled lizards (D:1)
  2 rats (D:1)
46 creatures vanquished.

Vanquished Creatures (others)
  2 adders (D:2)
  A worm (D:2)
  3 orcs
  A ball python (D:2)
  An endoplasm (D:2)
  A kobold (D:2)
  4 bats
  2 goblins (D:2)
  2 rats
17 creatures vanquished.

Grand Total: 63 creatures vanquished

Notes
Turn   | Place    | Note
-------+----------+-------------------------------------------
     0 | D:1      | billz999 the Gnoll Reaver began the quest for the Orb.
     0 | D:1      | Reached XP level 1. HP: 20/20 MP: 6/6
    35 | D:1      | Reached XP level 2. HP: 25/26 MP: 7/7
   397 | D:1      | Reached skill level 5 in Spellcasting
   397 | D:1      | Reached XP level 3. HP: 26/31 MP: 7/9
   426 | D:1      | Learned a level 2 spell: Momentum Strike
   429 | D:1      | Learned a level 2 spell: Static Discharge
   433 | D:1      | Learned a level 3 spell: Vhi's Electric Charge
   544 | D:1      | Reached skill level 1 in Invocations
   826 | D:2      | Reached skill level 1 in Short Blades
   826 | D:2      | Reached skill level 1 in Long Blades
   826 | D:2      | Reached skill level 1 in Maces & Flails
   826 | D:2      | Reached skill level 1 in Polearms
   826 | D:2      | Reached skill level 1 in Staves
   826 | D:2      | Reached skill level 1 in Ranged Weapons
   826 | D:2      | Reached skill level 1 in Throwing
   826 | D:2      | Reached skill level 1 in Armour
   826 | D:2      | Reached skill level 1 in Stealth
   826 | D:2      | Reached skill level 1 in Shields
   826 | D:2      | Reached skill level 1 in Unarmed Combat
   826 | D:2      | Reached skill level 1 in Evocations
   886 | D:2      | Found a faded altar of an unknown god.
  1399 | D:2      | Reached XP level 4. HP: 25/35 MP: 11/11
  2074 | D:3      | Reached skill level 1 in Hexes
  2074 | D:3      | Reached skill level 1 in Summonings
  2074 | D:3      | Reached skill level 1 in Necromancy
  2074 | D:3      | Reached skill level 1 in Translocations
  2074 | D:3      | Reached skill level 1 in Transmutations
  2074 | D:3      | Reached skill level 1 in Fire Magic
  2074 | D:3      | Reached skill level 1 in Ice Magic
  2074 | D:3      | Reached skill level 1 in Air Magic
  2074 | D:3      | Reached skill level 1 in Earth Magic
  2074 | D:3      | Reached skill level 1 in Poison Magic
  2298 | D:3      | Killed by an exploding ufetubus... ignited by their inner
                  | flame

Illustrated notes

Levels and vault maps discovered:
D:1:      dpeg_arrival_solitude, layout_loops_ring
D:2:      layout_loops_ring, dreamdust_ecumenical_altar_statues
D:3:      layout_basic, mainiacjoe_overflow_small_starburst

Skill      XL: |  1  2  3  4 |
---------------+-------------+-----
Spellcasting   | 5 |  5.1
Invocations    | 1 |  1.4
Short Blades   | 1 |  1.2
Long Blades    | 1 |  1.2
Maces & Flails | 1 |  1.2
Polearms       | 1 |  1.2
Staves         | 1 |  1.2
Ranged Weapons | 1 |  1.2
Throwing       | 1 |  1.2
Armour         | 1 |  1.2
Stealth        | 1 |  1.2
Shields        | 1 |  1.2
Unarmed Combat | 1 |  1.2
Evocations     | 1 |  1.2
Hexes          | 1 |  1.0
Summonings     | 1 |  1.0
Necromancy     | 1 |  1.0
Translocations | 1 |  1.0
Transmutations | 1 |  1.0
Fire Magic     | 1 |  1.0
Ice Magic      | 1 |  1.0
Air Magic      | 1 |  1.0
Earth Magic    | 1 |  1.0
Poison Magic   | 1 |  1.0
Fighting       | |  4.7
Axes           | |  6.6
Dodging        | |  4.7
Conjurations   | |  5.5

Action                   |  1- 3 |  4- 6 || total
-------------------------+-------+-------++-------
Melee: Hand axe          |   115 |    32 ||   147
       Bite              |    11 |     2 ||    13
       Punch             |     3 |     1 ||     4
       Dagger            |       |     8 ||     8
 Cast: Momentum Strike   |    12 |    17 ||    29
       Kiss of Death     |     1 |     1 ||     2
       Static Discharge  |     1 |       ||     1
  Use: Scroll            |       |     4 ||     4
Armor: Leather armour    |    34 |     8 ||    42
Dodge: Dodged            |    68 |    35 ||   103

Table legend: (Time is in decaauts)
 A = Elapsed time spent in this place.
 B = Non-inter-level travel time spent in this place.
 C = Inter-level travel time spent in this place.
 D = Time resting spent in this place.
 E = Time spent auto-exploring this place.
 F = Levels seen in this place.
 G = Mean time per level.
                   A        B        C        D        E       F      G
               +--------+--------+--------+--------+--------+-----+--------+
         Total |   2291 |   2205 |     86 |    128 |   1667 |   3 |  763.7 |
       Dungeon |   2291 |   2205 |     86 |    128 |   1667 |   3 |  763.7 |
               +--------+--------+--------+--------+--------+-----+--------+

Top non-repeatable levels by time:
     D:2: 1111 daAuts
     D:1: 752 daAuts
     D:3: 428 daAuts
